 Dungeon Crawl Stone Soup version 0.29.0-13-gc9e81de378 (webtiles) character file.

Game seed: 13219332509602795239

818 DoubleLucky the Magician (level 7, -3/50 HPs)
             Began as a Black Draconian Fire Elementalist on Sept 9, 2022.
             Was an Initiate of Ru.
             Slain by Dowan
             ... wielding a +0 dagger
              (4 damage)
             ... on level 4 of the Dungeon.
             The game lasted 00:26:05 (5067 turns).

DoubleLucky the Magician (DrFE)                     Turns: 5067, Time: 00:26:06

Health: -3/50      AC:  7    Str: 10    XL:     7   Next: 62%
Magic:  1/15       EV: 12    Int: 17    God:    Ru [......]
Gold:   169        SH:  0    Dex: 12    Spells: 7/16 levels left

rFire   . . .      SeeInvis +   x - staff of conjuration
rCold   . . .      Faith    .   (no shield)
rNeg    . . .      Spirit   .   (body armour unavailable)
rPois   .          Reflect  .   (helmet restricted)
rElec   +          Harm     .   u - +0 cloak {rCorr}
rCorr   +          Rampage  .   (no gloves)
Will    .....                   (no boots)
Stlth   ++........              (no amulet)
HPRegen 0.16/turn               c - ring of see invisible
MPRegen 0.14/turn               (no ring)

@: no status effects
A: breathe lightning, AC +6, unfitting armour, electricity resistance,
cold-blooded
a: Breathe Lightning, Renounce Religion


You were on level 4 of the Dungeon.
You worshipped Ru.
Ru was noncommittal.
You visited 1 branch of the dungeon, and saw 5 of its levels.

You collected 169 gold pieces.

Inventory:

Hand Weapons
 d - a +0 whip
 y - the +5 spear of the Five Stars {flame, *Slow Fly Str+4}
   (You took it off a gnoll bouda on level 4 of the Dungeon)

   It burns those it strikes, dealing additional fire damage.
   Str:       It affects your strength (+4).
   Fly:       It grants you flight.
   *Slow:     It may slow you when you take damage.
Armour
 u - a +0 cloak of preservation (worn)
Magical Staves
 x - a staff of conjuration (weapon)
Jewellery
 c - a ring of see invisible (left hand)
Scrolls
 e - a scroll of vulnerability {unknown}
 f - 3 scrolls of butterflies
 g - a scroll of acquirement {unknown}
 i - 2 scrolls of poison {unknown}
 k - a scroll of magic mapping {unknown}
 m - a scroll of noise {unknown}
 p - 3 scrolls of identify {unknown}
 q - a scroll of immolation {unknown}
 s - 2 scrolls of teleportation {unknown}
 w - 2 scrolls of enchant weapon {unknown}
Potions
 a - a potion of magic
 b - 2 potions of cancellation {unknown}
 j - a potion of might
 l - 2 potions of degeneration {unknown}
 n - 2 potions of heal wounds {unknown}
 o - a potion of mutation {unknown}
 r - a potion of curing {unknown}
 t - 2 potions of invisibility
 v - a potion of flight {unknown}
 z - a potion of brilliance {unknown}


   Skills:
 - Level 1.7 Dodging
 - Level 1.7 Stealth
 + Level 5.3 Spellcasting
 - Level 3.8 Conjurations
 - Level 3.0 Hexes
 - Level 5.0 Fire Magic


You had 7 spell levels left.
You knew the following spells:

 Your Spells              Type           Power      Damage    Failure   Level
a - Foxfire               Conj/Fire      100%       2x1d9     2%          1
b - Scorch                Fire           42%        2d7       2%          2
c - Conjure Flame         Conj/Fire      29%        6-21      7%          3
d - Inner Flame           Hex/Fire       18%        N/A       8%          3

Your spell library contained the following spells:

 Spells                   Type           Power      Damage    Failure   Level
 Ensorcelled Hibernation  Hex/Ice        18%        N/A       11%         2
 Passwall                 Tmut/Erth      3%         N/A       21%         2
 Flame Wave               Conj/Fire      29%        2d9       22%         4
 Swiftness                Air            4%         N/A       38%         3
 Petrify                  Tmut/Erth      4%         N/A       80%         4
 Metabolic Englaciation   Hex/Ice        4%         N/A       90%         5
 Conjure Ball Lightning   Conj/Air       8%         3x3d6     100%        6
 Statue Form              Tmut/Erth      2%         N/A       100%        6
 Discord                  Hex            7%         N/A       100%        8
 Disjunction              Tloc           2%         N/A       100%        8


Dungeon Overview and Level Annotations

Branches:
Dungeon (5/15)
 Temple: D:4-7

Altars:
Nemelex Xobeh
Okawaru
Ru

Annotations:
D:2 exclusions: gnoll and upstairs
D:4 1 exclusion, Dowan


Innate Abilities, Weirdness & Mutations

You can breathe wild blasts of lightning.
Your glossy black scales are hard. (AC +6)
You cannot fit into any form of body armour.
You are resistant to electric shocks. (rElec)
You are cold-blooded and may be slowed by cold attacks.


Message History

The foxfire hits Duvessa!
Duvessa is almost dead.
The foxfire hits Duvessa but does no damage.
Duvessa is almost dead.
There is an open door here.
Duvessa says, "Where magic fails, the sword succeeds!"
Your magical contamination has completely faded away.
Duvessa shouts, "You can run, but you cannot escape us forever!"
Casting: Foxfire (safe; 2% risk of failure)
Confirm with . or Enter, or press ? or * to list all spells.
Flames lash Duvessa.
You kill Duvessa!
Dowan seems overcome with grief.
Dowan seems to find hidden reserves of power!
Training target 3.0 for Hexes reached!
Your Hexes skill increases to level 3!
You need to enable at least one skill for training.
Dowan says, "Magic will overcome all!"
Dowan mumbles some strange words.
Dowan blinks!
The adder attacks as you move away! The adder bites you.
* * * LOW HITPOINT WARNING * * *
You are poisoned.
The adder poisons you!
You feel sick.
You feel sick.
There is an escape hatch in the ceiling here.
You feel sick. Dowan closely misses you. The adder completely misses you.
Dowan hits you but does no damage. The adder barely misses you.
A mysterious force pulls you upwards. The hatch slams shut behind you.
Level annotation: 1 exclusion You feel sick.
You feel sick.
You are no longer poisoned.
Dowan closely misses you. Dowan attacks as you move away!
Dowan closely misses you. The adder attacks as you move away!
The adder bites you.
* * * LOW HITPOINT WARNING * * *
Dowan misses you. Dowan attacks as you move away!
Dowan hits you with a +0 dagger.
You die...

####### #.....#
#.....# #.....#
###.....# #.......#
#.#eS...#
#############.#.@...#
........##....##.####
###..[....)#####.#
....######)## #.#
.....# #..####.#
.....### ##....#.#
)...)..# ####...##
.....#.# ##...##
.......#
#.#..#########


You could see Dowan (fast) and an adder.

Vanquished Creatures
  Menkaure (D:5)
  Duvessa (D:5)
  A phantom (D:4)
  3 scorpions
  A gnoll bouda (D:4)
  A hound (D:5)
  2 iguanas (D:5)
  2 orc wizards (D:4)
  4 gnolls (D:4)
  5 adders
  A worm (D:2)
  4 dart slugs
  7 orcs
  5 endoplasms
  4 giant cockroaches
  4 goblins
  3 hobgoblins
  9 jackals
  7 kobolds
  7 quokkas
  9 ball pythons
  3 bats
  2 frilled lizards
  7 rats
93 creatures vanquished.

Vanquished Creatures (others)
  361 foxfires
361 creatures vanquished.

Grand Total: 454 creatures vanquished

Notes
Turn   | Place    | Note
-------+----------+-------------------------------------------
     0 | D:1      | DoubleLucky the Draconian Fire Elementalist began the quest
                  | for the Orb.
     0 | D:1      | Reached XP level 1. HP: 14/14 MP: 3/3
   265 | D:1      | Found a faded altar of an unknown god.
   273 | D:1      | Reached XP level 2. HP: 20/20 MP: 1/5
  1001 | D:2      | Reached XP level 3. HP: 26/26 MP: 3/6
  2351 | D:3      | Reached XP level 4. HP: 33/33 MP: 3/7
  3033 | D:3      | Learned a level 2 spell: Scorch
  3104 | D:4      | Noticed a scorpion
  3176 | D:4      | Killed a scorpion
  3177 | D:4      | Reached XP level 5. HP: 38/38 MP: 1/10
  3543 | D:4      | Learned a level 3 spell: Conjure Flame
  3547 | D:4      | Learned a level 3 spell: Inner Flame
  3619 | D:4      | Noticed a phantom
  3814 | D:4      | Killed a phantom
  3815 | D:4      | Reached XP level 6. HP: 45/45 MP: 5/13
  3867 | D:4      | Identified the +4 long sword of Fiuhotu {vorpal, *Corrode
                  | Fly rElec}
  4021 | D:4      | Reached skill level 5 in Spellcasting
  4057 | D:4      | Identified the +5 spear of the Five Stars {flame, *Slow Fly
                  | Str+4}
  4335 | D:4      | Found an iron altar of Okawaru.
  4374 | D:4      | Found a sacrificial altar of Ru.
  4375 | D:4      | Found a sparkling altar of Nemelex Xobeh.
  4378 | D:4      | Became a worshipper of Ru the Awakened
  4538 | D:5      | Entered Level 5 of the Dungeon
  4629 | D:5      | Noticed Menkaure
  4633 | D:5      | Killed Menkaure
  4634 | D:5      | Reached skill level 5 in Fire Magic
  4634 | D:5      | Your scales start taking on a glossy black colour.
  4634 | D:5      | Reached XP level 7. HP: 34/50 MP: 3/14
  4634 | D:5      | Gained mutation: You are resistant to electric shocks.
                  | (rElec) [Black Draconian growth]
  4793 | D:5      | Reached skill level 1 in Hexes
  4802 | D:5      | Noticed Duvessa
  4805 | D:5      | Noticed Dowan
  5054 | D:5      | Killed Duvessa
  5066 | D:4      | HP: 1/50 [adder (3)]
  5067 | D:4      | Slain by Dowan

Illustrated notes

Levels and vault maps discovered:
D:1:      dpeg_arrival_brainrot, layout_rooms,
          chequers_ecumenical_altar_simple_redux, minmay_crystal_water
D:2:      layout_basic
D:3:      layout_loops_ring
D:4:      layout_rooms, okawaru_ov_weapons_minmay,
          mainiacjoe_overflow_divided_tiny
D:5:      layout_gridville, portal_sewer_entry_e, uniq_menkaure, uniq_duvessa

Skill      XL: |  1  2  3  4  5  6  7 |
---------------+----------------------+-----
Conjurations   | 2 3 |  3.8
Spellcasting   | 3 4 5 |  5.3
Fire Magic     | 5 |  5.0
Hexes          | 3 |  3.0
Dodging        | |  1.7
Stealth        | |  1.7

Action                   |  1- 3 |  4- 6 |  7- 9 || total
-------------------------+-------+-------+-------++-------
Melee: Whip              |    24 |    23 |       ||    47
       Tailslap          |     4 |     5 |       ||     9
       Staff             |       |     9 |       ||     9
 Cast: Foxfire           |    88 |    95 |    25 ||   208
       Scorch            |       |    11 |     6 ||    17
       Conjure Flame     |       |     1 |       ||     1
  Use: Scroll            |       |     2 |     2 ||     4
 Stab: Sleeping          |       |     1 |       ||     1
Armor: Skin              |    10 |    10 |     8 ||    28
Dodge: Dodged            |    29 |    34 |    17 ||    80
